 Dungeon Crawl Stone Soup version 0.26.0-16-gc1dbca0489 (webtiles) character file.

Game seed: 7180672344238357944

198 thiole the Sneak (level 5, -2/31 HPs)
             Began as an Octopode Hedge Wizard on Jan 19, 2021.
             Killed from afar by an orc wizard (4 damage)
             ... with a puff of flame
             ... on level 4 of the Dungeon.
             The game lasted 00:04:59 (4447 turns).

thiole the Sneak (Octopode Hedge Wizard)            Turns: 4447, Time: 00:04:59

Health: -2/31      AC:  3    Str:  9    XL:     5   Next: 76%
Magic:  11/11      EV: 13    Int: 18    God:
Gold:   280        SH:  0    Dex: 11    Spells: 11/12 levels left

rFire    . . .     SeeInvis .   a - +0 dagger
rCold    . . .     Faith    .   (no shield)
rNeg     . . .     Spirit   .   b - +2 hat
rPois    .         Reflect  .   (no amulet)
rElec    .         Harm     .   (no ring)
rCorr    .         Rampage  .   (no ring)
Will     .....                  (no ring)
Stlth    ++++......             (no ring)
HPRegen  0.10/turn              (no ring)
MPRegen  0.12/turn              (no ring)
                                (no ring)
                                (no ring)

@: attractive, flying (expiring)
A: almost no armour, stealthy swim, amphibious, 8 rings, constrict 8, camouflage
1, gelatinous body 1
a: no special abilities


You were on level 4 of the Dungeon.
You visited 1 branch of the dungeon, and saw 4 of its levels.

You collected 280 gold pieces.

Inventory:

Hand Weapons
 a - a +0 dagger (weapon)
Armour
 b - a +2 hat (worn)
Scrolls
 d - a scroll of identify {unknown}
 f - a scroll of magic mapping
 g - 2 scrolls of amnesia {unknown}
 j - 4 scrolls of remove curse {unknown}
 m - a scroll of enchant weapon {unknown}
 n - a scroll of teleportation {unknown}
 o - a scroll of fear {unknown}
Potions
 c - a potion of haste {unknown}
 e - a potion of invisibility {unknown}
 h - a potion of lignification {unknown}
 i - 2 potions of flight


   Skills:
 - Level 2.0 Dodging
 + Level 5.5 Stealth
 + Level 4.2 Spellcasting
 - Level 2.0 Conjurations
 - Level 2.0 Summonings
 - Level 1.0 Translocations


You had 11 spell levels left.
You knew the following spells:

 Your Spells              Type           Power        Failure   Level
a - Magic Dart            Conj           44%          6%          1

Your spell library contained the following spells:

 Spells                   Type           Power        Failure   Level
 Call Imp                 Summ           11%          10%         2
 Beastly Appendage        Tmut           6%           14%         1
 Blink                    Tloc           N/A          14%         2
 Slow                     Hex            3%           22%         2
 Wereblood                Tmut           3%           22%         2
 Conjure Flame            Conj/Fire      7%           28%         3
 Mephitic Cloud           Conj/Pois/Air  6%           32%         3
 Spider Form              Tmut/Pois      1%           41%         3
 Ice Form                 Ice/Tmut       3%           82%         4
 Blade Hands              Tmut           1%           99%         5


Dungeon Overview and Level Annotations

Branches:
Dungeon (4/15)
 Temple: D:4-7

Altars:
Hepliaklqana
Kikubaaqudgha
Vehumet
Wu Jian


Innate Abilities, Weirdness & Mutations

You cannot wear most types of armour.
You are very stealthy in the water. (Stealth+)
You are amphibious.
You can wear up to eight rings at the same time.
You can use your tentacles to constrict eight enemies at once.
Your skin changes colour to match your surroundings (Stealth+).
Your rubbery body absorbs attacks. (AC +1, EV +1)


Message History

The orc wizard closely misses you.
The orc wizard hits you with a +0 dagger.
You hit the orc wizard but do no damage.
The orc wizard is heavily wounded.
You constrict the orc wizard, but do no damage.
The orc wizard gestures at you while chanting.
The magic dart hits you!
You hit the orc wizard but do no damage.
The orc wizard is heavily wounded.
You constrict the orc wizard.
The orc wizard hits you but does no damage.
The orc wizard gestures at you while chanting.
The magic dart hits you!
* * * LOW HITPOINT WARNING * * *
It was a potion of attraction.
You feel attractive to monsters.
You are starting to lose your buoyancy.
You constrict the orc wizard. The orc wizard casts a spell at you.
The puff of flame hits you.
You die...

##.#..................# #
##.#.[...###.####.###############
.............# #................
.........###.####################
..............(# ##########
...#.#.#####.#.# #.........
...#.#.# #.#.# #.########
.......#####.#)#########.##
(......Bo@.........#
#.###..o#########..# #...# #..#
#...# #..# ##### #.o.# #..# #....
o........# #..# #.### ......?....
#..###.##. #.#####.###.#
#......##. # #.# # #.###.....


You could see a worker ant, an orc wizard (fast) and an orc.

Vanquished Creatures
  A bullfrog skeleton (D:4)
  2 iguanas (D:4)
  4 adders
  An ooze (D:1)
  4 worms
  A dart slug (D:1)
  A leopard gecko (D:2)
  2 orcs (D:4)
  5 giant cockroaches
  6 goblins
  6 hobgoblins
  9 kobolds
  13 bats
  7 frilled lizards
  5 rats
67 creatures vanquished.

Notes
Turn   | Place    | Note
-------+----------+-------------------------------------------
     0 | D:1      | thiole the Octopode Hedge Wizard began the quest for the
                  | Orb.
     0 | D:1      | Reached XP level 1. HP: 11/11 MP: 4/4
   104 | D:1      | Reached skill level 3 in Stealth
   104 | D:1      | Reached XP level 2. HP: 7/17 MP: 1/6
   854 | D:1      | Reached XP level 3. HP: 21/21 MP: 5/7
  1113 | D:1      | You fall into a shaft and drop 1 floor!
  1431 | D:2      | Found a hazy altar of Hepliaklqana.
  1580 | D:2      | Reached XP level 4. HP: 11/27 MP: 7/9
  1914 | D:2      | Found an ornate altar of the Wu Jian Council.
  2036 | D:2      | Found a radiant altar of Vehumet.
  2067 | D:2      | Reached skill level 4 in Stealth
  3322 | D:3      | Noticed a phantom
  3617 | D:3      | Found an ancient bone altar of Kikubaaqudgha.
  3687 | D:3      | Found a faded altar of an unknown god.
  3931 | D:4      | Reached XP level 5. HP: 13/31 MP: 5/10
  4153 | D:4      | Reached skill level 5 in Stealth
  4446 | D:4      | HP: 1/31 [orc wizard/magic dart (12)]
  4447 | D:4      | Killed from afar by an orc wizard

Illustrated notes

Levels and vault maps discovered:
D:1:      evilmike_arrival_rings, layout_loops_ring, minmay_domino_4
D:2:      layout_basic, nicolae_overflow_crystal_walls, lemuel_doored_altar,
          lemuel_statue_altar
D:3:      layout_loops_ring, overflow_temple_1_default,
          chequers_ecumenical_altar_grove
D:4:      layout_loops_ring

Skill      XL: |  1  2  3  4  5 |
---------------+----------------+-----
Stealth        | 3 4 5 |  5.5
Conjurations   | 2 |  2.0
Summonings     | 2 |  2.0
Spellcasting   | 4 |  4.2
Dodging        | |  2.0
Translocations | |  1.0

Action                   |  1- 3 |  4- 6 || total
-------------------------+-------+-------++-------
Melee: Dagger            |    57 |    56 ||   113
       Constrict         |    15 |    12 ||    27
       Tentacles         |     8 |    10 ||    18
 Cast: Magic Dart        |    62 |   101 ||   163
  Use: Scroll            |       |     3 ||     3
       Potion            |       |     3 ||     3
 Stab: Sleeping          |       |     1 ||     1
Armor: Skin              |     4 |     6 ||    10
Dodge: Dodged            |    37 |    30 ||    67
